 Dungeon Crawl Stone Soup version 0.31-a0-1388-g4b2ba238e7 (webtiles) character file.

Game seed: 5485145295465192925

61 Wiilli the Ducker (level 3, -5/16 HPs)
             Began as a Spriggan Alchemist on Dec 25, 2023.
             Killed from afar by Terence (8 damage)
             ... with a puff of flame
             ... on level 3 of the Dungeon.
             The game lasted 00:03:35 (1497 turns).

Wiilli the Ducker (Spriggan Alchemist)              Turns: 1497, Time: 00:03:36

Health: -5/16      AC:  2    Str:  4    XL:     3   Next: 83%
Magic:  7/8        EV: 18    Int: 18    God:
Gold:   61         SH:  0    Dex: 15    Spells: 7/8 levels left

rFire   . . .        (weapon restricted)
rCold   . . .        (no shield)
rNeg    . . .        a - +0 robe
rPois   .            (helmet restricted)
rElec   .            (no cloak)
rCorr   .            (gloves unavailable)
SInv    +            (boots unavailable)
Will    .....        (no amulet)
Stlth   ++           (no ring)
HPRegen 0.22/turn    (no ring)
MPRegen 0.11/turn

%: no passive effects
@: very quick
A: very small, no large weapons, unfitting armour, see invisible, speed 3
a: no special abilities


You were on level 3 of the Dungeon.
You visited 1 branch of the dungeon, and saw 3 of its levels.

You collected 61 gold pieces.

Inventory:

Armour
 a - a +0 robe (worn)
Jewellery
 d - an amulet of magic regeneration
Wands
 f - a wand of charming (6)
Scrolls
 c - 2 scrolls of immolation {unknown}
 h - a scroll of enchant weapon {unknown}
Potions
 b - 2 potions of magic
 e - a potion of enlightenment {unknown}
 g - a potion of brilliance {unknown}


   Skills:
 * Level 3.9 Dodging
 - Level 3.0 Stealth
 + Level 3.3 Spellcasting
 * Level 1.6 Conjurations
 + Level 3.6 Alchemy


You had 7 spell levels left.
You knew the following spells:

 Your Spells              Type           Power      Damage    Failure   Level
a - Sting                 Conj/Alch      48%        1d6       5%          1

Your spell library contained the following spells:

 Spells                   Type           Power      Damage    Failure   Level
 Mercury Vapours          Alch/Air       18%        N/A       12%         2
 Mephitic Cloud           Conj/Alch/Air  9%         N/A       24%         3
 Olgreb's Toxic Radiance  Alch           16%        N/A       34%         4
 Sticky Flame             Fire/Alch      9%         2d5       58%         4


Dungeon Overview and Level Annotations

Branches:
Dungeon (3/15)

Altars:

Annotations:
D:3 Terence


Innate Abilities, Weirdness & Mutations

You are very small and have problems with some larger weapons.
You are too small for most types of armour.
You have supernaturally acute eyesight. (SInv)
You cover ground extremely quickly. (Speed+++)


Message History

Terence shouts!
The orc wizard shouts!
The orc priest looks encouraged for a moment.
Casting: Sting (safe; 5% risk of failure)
Confirm with . or Enter, or press ? or * to list all spells.
Aiming: Sting (safe; 5% risk of failure)
Press: ? - help, Shift-Dir - straight line, f - Terence
Aim: Terence, wielding a +0 flail, wearing a +0 scale mail and carrying a wand of flame (75% to hit)
You miscast Sting.
You are very lightly contaminated with residual magic.
Nothing appears to happen.
Unknown command.
Casting: Sting (safe; 5% risk of failure)
Confirm with . or Enter, or press ? or * to list all spells.
Aiming: Sting (safe; 5% risk of failure)
Press: ? - help, Shift-Dir - straight line, f/p - Terence
Aim: Terence, wielding a +0 flail, wearing a +0 scale mail and carrying a wand of flame (75% to hit)
The sting hits Terence.
Terence is poisoned.
Terence is moderately wounded.
The orc wizard gestures at you while chanting.
You are confused.
You bump into the rock wall.
You bump into the rock wall.
Terence closely misses you.
The orc wizard casts a spell.
The orc wizard flickers and vanishes for a moment.
Terence attacks as he pursues you! Terence hits you with a +0 flail!
You bump into the rock wall.
Terence zaps a wand.
The puff of flame misses you.
You bump into the rock wall.
Terence hits you with a +0 flail.
Your magical contamination has completely faded away.
You bump into the rock wall.
You feel less confused.
The orc wizard gestures wildly while chanting.
The orc wizard flickers and vanishes for a moment.
Terence completely misses you.
Terence zaps a wand.
The puff of flame hits you.
* * * LOW HITPOINT WARNING * * *
Terence looks more healthy.
Terence zaps a wand.
The puff of flame hits you!
Ouch! That really hurt!
You die...
Terence says, "That felt goooood."

########################
...o.o..o@......@.......
....o###################
.....+ .....# .o...#
.....# .....# .....#
.....#


You could see Terence.

Vanquished Creatures
  3 adders (D:2)
  5 ball pythons
  3 bats (D:1)
  An endoplasm (D:2)
  A giant cockroach (D:1)
  7 goblins
  3 hobgoblins
  4 kobolds
  A quokka (D:1)
  2 rats
30 creatures vanquished.

Notes
Turn   | Place    | Note
-------+----------+-------------------------------------------
     0 | D:1      | Wiilli the Spriggan Alchemist began the quest for the Orb.
     0 | D:1      | Reached XP level 1. HP: 9/9 MP: 5/5
   156 | D:1      | Reached skill level 1 in Conjurations
   376 | D:1      | Reached XP level 2. HP: 13/13 MP: 3/6
   847 | D:2      | Reached XP level 3. HP: 11/16 MP: 1/8
  1474 | D:3      | Noticed Terence
  1497 | D:3      | Killed from afar by Terence

Illustrated notes

Levels and vault maps discovered:
D:1:      nicolae_arrival_escape_room, layout_basic
D:2:      layout_basic
D:3:      layout_basic, zin_statuary, gammafunk_ghost_abyssal_escape,
          uniq_natasha, uniq_terence

Skill      XL: |  1  2 |
---------------+-------+-----
Dodging        | 3 |  3.9
Conjurations   | 1 |  1.6
Spellcasting   | 3 |  3.3
Stealth        | |  3.0
Alchemy        | |  3.6

Action                     || total
---------------------------++-------
  Melee: Unarmed           ||    25
         Punch             ||     1
   Cast: Sting             ||    60
 Armour: Robe              ||    23
  Dodge: Dodged            ||    53

Table legend: (Time is in decaauts)
 A = Elapsed time spent in this place.
 B = Non-inter-level travel time spent in this place.
 C = Inter-level travel time spent in this place.
 D = Time resting spent in this place.
 E = Time spent auto-exploring this place.
 F = Levels seen in this place.
 G = Mean time per level.
                   A        B        C        D        E       F      G
               +--------+--------+--------+--------+--------+-----+--------+
         Total |   1119 |   1068 |     51 |    432 |    443 |   3 |  373.0 |
       Dungeon |   1119 |   1068 |     51 |    432 |    443 |   3 |  373.0 |
               +--------+--------+--------+--------+--------+-----+--------+

Top non-repeatable levels by time:
     D:1: 644 daAuts
     D:2: 458 daAuts
     D:3: 16 daAuts
